 Dungeon Crawl Stone Soup version 0.23-a0-625-g1d2cd9b (console) character file.

45 bli the Conjurer (level 3, 0/26 HPs)
             Began as a Draconian Conjurer on Dec 24, 2018.
             Was an Initiate of Sif Muna.
             Slain by Terence
             ... wielding a +0 short sword
              (6 damage)
             ... on level 2 of the Dungeon.
             The game lasted 00:09:29 (2068 turns).

bli the Conjurer (Draconian Conjurer)               Turns: 2068, Time: 00:09:30

Health: 0/26       AC:  5    Str: 10    XL:     3   Next: 42%
Magic:  1/7        EV: 12    Int: 16    God:    Sif Muna [......]
Gold:   58         SH:  0    Dex: 11    Spells: 5/8 levels left

rFire    . . .     SeeInvis .   a - -2 dagger (curse)
rCold    . . .     Gourm    .   (no shield)
rNeg     . . .     Faith    .   (armour unavailable)
rPois    .         Spirit   .   (helmet restricted)
rElec    .         Reflect  .   (no cloak)
rCorr    .         Harm     .   (no gloves)
MR       .....                  (no boots)
Stlth    ++........             (no amulet)
HPRegen  0.08/turn              (no ring)
MPRegen  0.10/turn              (no ring)

@: very slightly contaminated
A: unfitting armour, cold-blooded, AC +5
a: Renounce Religion


You were on level 2 of the Dungeon.
You worshipped Sif Muna.
Sif Muna was noncommittal.
You were not hungry.

You visited 1 branch of the dungeon, and saw 2 of its levels.

You collected 58 gold pieces.

Inventory:

Hand Weapons
 a - a cursed -2 dagger (weapon)
 e - a +0 whip
 h - a +0 short sword
 o - a cursed +0 dagger
Missiles
 f - 59 stones (quivered)
 k - 4 tomahawks
Scrolls
 c - 2 scrolls of identify
 d - a scroll of enchant armour {unknown}
 g - 2 scrolls of magic mapping {unknown}
 m - a scroll of teleportation
 p - a scroll of random uselessness {unknown}
Potions
 i - 3 potions of heal wounds
 j - a potion of mutation {unknown}
 n - 2 potions of curing {unknown}
Comestibles
 b - 6 rations
 l - a chunk of flesh


   Skills:
 + Level 2.0 Dodging
 + Level 1.8 Stealth
 * Level 3.4 Spellcasting
 + Level 4.0 Conjurations


You had 5 spell levels left.
You knew the following spells:

 Your Spells              Type           Power        Failure   Level  Hunger
a - Magic Dart            Conj           ###.         3%          1    None
r - Searing Ray           Conj           ###...       5%          2    ##.....

Your spell library contained the following spells:

 Spells                   Type           Power        Failure   Level  Hunger
 Dazzling Spray           Conj/Hex       #.....       24%         3    ###....
 Iskenderun's Mystic Bla  Conj           ###.....     34%         4    ####...
 Force Lance              Conj/Tloc      #.......     61%         4    ####...
 Fulminant Prism          Conj/Hex       #.........   61%         4    ####...


Dungeon Overview and Level Annotations

Branches:
Dungeon (2/15)

Altars:
Kikubaaqudgha
Sif Muna

Annotations:
D:2 Terence


Innate Abilities, Weirdness & Mutations

Your plain brown scales are hard. (AC +5)
You cannot fit into any form of body armour.
You are cold-blooded and may be slowed by cold attacks.


Message History

Aiming: Searing Ray (safe; 5% risk of failure)
Press: ? - help, Shift-Dir - straight line, f/p - Terence
Aim: Terence, wielding a +0 short sword and wearing a +1 scale mail of fire The searing ray hits Terence.
Terence is lightly wounded. (Press . to maintain the ray.) Terence barely misses you.
Casting: Searing Ray (safe; 5% risk of failure)
Confirm with . or Enter, or press ? or * to list all spells.
Aiming: Magic Dart (safe; 3% risk of failure)
Press: ? - help, Shift-Dir - straight line, f/p - Terence
Aim: Terence, wielding a +0 short sword and wearing a +1 scale mail of fire The magic dart hits Terence.
Terence is lightly wounded.
Terence hits you but does no damage.
You barely miss Terence.
You tail-slap Terence, but do no damage.
Terence is lightly wounded.
Terence hits you with a +0 short sword.
You die...

..........####.# #..#
..........>..#.# #..#
...............# #..#
....########.#.# #..#
#...###.## #.#.# #..#
....##.#.###.#.# #..#
##..#.###.##.#.# #..##
#...## ##...#.# #...##
##..#.###.####.# #....#
<...##.#.#############)#
##.####.## #8#8#@#####.#
#.# #.####.#.#@#.#.8.#
##.# #...#........(...#
...# ###.#8...........#
.### #.#..#.#.#.#.8## .#
#.######.#.#_##
.########.############
.................
#########.#######
######........
#....)........


You could see Terence.

Vanquished Creatures
  An ooze (D:1)
  3 dart slugs (D:1)
  A leopard gecko (D:2)
  4 bats (D:1)
  2 giant cockroaches (D:1)
  4 hobgoblins (D:1)
  2 jackals (D:1)
  A ball python (D:1)
  2 frilled lizards
  4 goblins (D:1)
  5 kobolds
  5 rats
34 creatures vanquished.

Notes
Turn   | Place    | Note
-------+----------+-------------------------------------------
     0 | D:1      | bli the Draconian Conjurer began the quest for the Orb.
     0 | D:1      | Reached XP level 1. HP: 14/14 MP: 3/3
   349 | D:1      | Reached XP level 2. HP: 20/20 MP: 0/5
  1295 | D:1      | Reached XP level 3. HP: 26/26 MP: 2/7
  1299 | D:1      | Learned a level 2 spell: Searing Ray
  1718 | D:2      | Found an ancient bone altar of Kikubaaqudgha.
  1727 | D:2      | Found a deep blue altar of Sif Muna.
  1742 | D:2      | Became a worshipper of Sif Muna the Loreminder
  1955 | D:2      | Noticed Terence
  2068 | D:2      | Slain by Terence

Vault maps used:
D:1:      saegor_arrival_under_anarchy
D:2:      lemuel_crystal_altar, lemuel_doored_altar, minitemple,
          old_standard_altar, uniq_terence

Skill      XL: |  1  2 |
---------------+-------+-----
Dodging        | 2 |  2.0
Spellcasting   | 3 |  3.4
Stealth        | |  1.8
Conjurations   | |  4.0

Action                   || total
-------------------------++-------
Melee: Dagger            ||    47
       Tailslap          ||     2
Throw: Stone             ||     2
 Cast: Magic Dart        ||    93
       Searing Ray       ||     3
  Use: Scroll            ||     1
  Eat: Chunk             ||     4
Armor: Skin              ||    21
Dodge: Dodged            ||    35

Table legend:
 A = Non-vault XP
 B = Vault XP
 C = Vault XP percentage of total XP
 D = Non-vault monster count
 E = Vault monster count
 F = Vault count percentage of total count
                 A         B        C        D         E       F
            +---------+---------+-------+---------+---------+-------
      Total |      65 |       0 |   0.0 |      34 |       0 |   0.0
            +---------+---------+-------+---------+---------+-------
        D:1 |      59 |       0 |   0.0 |      30 |       0 |   0.0
        D:2 |       6 |       0 |   0.0 |       4 |       0 |   0.0
            +---------+---------+-------+---------+---------+-------
